 Dungeon Crawl Stone Soup version 0.16-a0-119-gc74d62a (webtiles) character file.

35 HiobMontag the Firebug (level 3, 0/26 HPs)
             Began as a Demigod Fire Elementalist on Aug 12, 2014.
             Succumbed to an adder's poison
             ... on Level 1 of the Dungeon.
             The game lasted 00:09:37 (1335 turns).

HiobMontag the Firebug (Demigod Fire Elementalist)  Turns: 1335, Time: 00:09:37

HP   0/26        AC  2     Str 12      XL: 3   Next:  2%
MP   3/8         EV 12     Int 20      God:
Gold 38          SH  0     Dex 16      Spells:  2 memorised,  3 levels left

rFire  . . .     SeeInvis .     g - +0 whip
rCold  . . .     Clarity  .     a - +0 robe
rNeg   . . .     rCorr    .     (no shield)
rPois  .         rRot     .     (no helmet)
rElec  .         Spirit   .     (no cloak)
SustAb .         Warding  .     (no gloves)
rMut   .         Stasis   .     (no boots)
Gourm  .                        (no amulet)
MR     .....                    (no ring)
                                (no ring)

@: lethally poisoned, not resistant to hostile enchantments, unstealthy
A: no striking features
a: no special abilities


You were on level 1 of the Dungeon.
You were not hungry.

You visited 1 branch of the dungeon, and saw 2 of its levels.

You collected 38 gold pieces.

Inventory:

Hand weapons
 f - a +2 hand axe of chopping
 g - a +0 whip (weapon)
Missiles
 i - 11 stones (quivered)
Armour
 a - a +0 robe (worn)
Comestibles
 c - a bread ration
 o - a meat ration
Scrolls
 h - 2 scrolls of amnesia {unknown}
 j - 2 scrolls of remove curse {unknown}
 k - 3 scrolls of fog {unknown}
 m - a scroll of enchant weapon {unknown}
 n - a scroll of recharging {unknown}
Potions
 d - a potion of lignification {unknown}
 e - a potion of magic {unknown}
 l - 2 potions of curing {unknown}
Books
 b - a book of Flames

   Spells                             Type                      Level
   *Flame Tongue                      Conjuration/Fire             1
   *Throw Flame                       Conjuration/Fire             2
   Conjure Flame                      Conjuration/Fire             3
   Inner Flame                        Hexes/Fire                   3
   Sticky Flame                       Conjuration/Fire             4
   Fireball                           Conjuration/Fire             5


   Skills:
 + Level 2.0 Dodging
 + Level 1.8 Stealth
 + Level 2.1 Spellcasting
 + Level 1.4 Conjurations
 + Level 3.2 Fire Magic


You had 3 spell levels left.
You knew the following spells:

 Your Spells              Type           Power        Failure   Level  Hunger
a - Flame Tongue          Conj/Fire      ##...        10%         1    #......
b - Throw Flame           Conj/Fire      ##....       12%         2    ##.....


Dungeon Overview and Level Annotations

Branches:
Dungeon (2/15)


Message History

The green rat bites you.
* * * LOW HITPOINT WARNING * * *
The green rat bites you.
* * * LOW HITPOINT WARNING * * *
The adder misses you.
Found 3 gold pieces.
There is a stone staircase leading up here.
The adder bites you.
* * * LOW HITPOINT WARNING * * *
You are lethally poisoned!
The adder poisons you!
You climb upwards.
* * * LOW HITPOINT WARNING * * *
You feel sick.
There is a stone staircase leading down here.
Drink which item? (? for menu, Esc to quit)
Okay, then.
The adder bites you.
* * * LOW HITPOINT WARNING * * *
You die...

##.....## #.......# #############
#.......# ##.....#.....#
#.......# ##.............
######......#######..............
...#..........#..................
................S.........%......
............##...................
................@................
...........[.....................
........#........................
...#...##....[...................
.########........................
..# #........................
..### #.............#..........
....#######...#............####..
..#..........................%...


You could see an adder.

Vanquished Creatures
  A giant mite (D:1)
  An ooze (D:1)
  A bat (D:1)
  4 giant cockroaches (D:1)
  2 goblins (D:1)
  3 hobgoblins (D:1)
  3 kobolds (D:1)
  A giant gecko (D:1)
  2 giant newts (D:1)
  10 rats
28 creatures vanquished.

Notes
Turn   | Place    | Note
--------------------------------------------------------------
     0 | D:1      | HiobMontag, the Demigod Fire Elementalist, began the quest for the Orb.
     0 | D:1      | Reached XP level 1. HP: 14/14 MP: 3/3
   229 | D:1      | Reached skill level 1 in Conjurations
   452 | D:1      | Reached skill level 3 in Fire Magic
   497 | D:1      | Reached XP level 2. HP: 18/20 MP: 2/4
   529 | D:1      | Learned a level 2 spell: Throw Flame
  1179 | D:1      | Reached XP level 3. HP: 26/26 MP: 1/8
  1334 | D:1      | HP: 1/26 [adder (1)]
  1335 | D:1      | Succumbed to an adder's poison

Action                   || total
-------------------------++-------
Melee: Whip              ||    12
       Unarmed           ||     2
 Cast: Flame Tongue      ||    58
       Throw Flame       ||     7
  Eat: Chunk             ||     2
